 Dungeon Crawl Stone Soup version 0.31-a0-1118-gbca3d03946 (webtiles) character file.

Game seed: 17432656762830237633

95565 Inarius the Severer (level 15, -2/117 HPs)
             Began as a Demonspawn Fighter on Dec 1, 2023.
             Was the Champion of Makhleb.
             Slain by a mana viper (15 damage)
             ... on level 1 of the Snake Pit on Dec 4, 2023.
             The game lasted 00:58:48 (27953 turns).

Inarius the Severer (Demonspawn Fighter)           Turns: 27953, Time: 00:58:49

Health: -2/117     AC: 31    Str: 25    XL:     15   Next: 66%
Magic:  10/25      EV:  8    Int:  5    God:    Makhleb [******]
Gold:   1212       SH: 24    Dex: 19    Spells: 14/14 levels left

rFire   + . .        K - +11 hand axe "Nogabi" {freeze, Will+ rCorr Stlth-}
rCold   + + .        h - +2 tower shield {rC+}
rNeg    + . .        U - +5 chain mail "Zeibbeebudd" {Rampage rC+ Int-5 Dex+3}
rPois   .            (helmet restricted)
rElec   +            l - +2 cloak {rCorr}
rCorr   +            Y - +2 pair of gloves "Ehozast" {Str+3 Dex+3}
SInv    .            (boots unavailable)
Will    +++..        (no amulet) Stlth
                     w - ring of positive energy
HPRegen 0.39/turn    O - ring "Tammicliuts" {rElec rF+ Will+}
MPRegen 0.19/turn

%: rampage
@: lethally poisoned (-2 -> -7), hasted, very quick
A: antennae 1, hooves 3, icemail 2, powered by pain 1, condensation shield,
weakness stinger 2
a: Renounce Religion, Minor Destruction, Lesser Servant of Makhleb, Major
Destruction, Greater Servant of Makhleb


You were on level 1 of the Snake Pit.
You worshipped Makhleb.
Makhleb was exalted by your worship.
You visited 4 branches of the dungeon, and saw 23 of its levels.
You also visited: Sewer, Bailey, Gauntlet and Ice Cave.

You collected 3153 gold pieces.
You spent 1941 gold pieces at shops.

Inventory:

Hand Weapons
 G - a +3 morningstar
 K - the +11 hand axe "Nogabi" (weapon) {freeze, Will+ rCorr Stlth-}
   (You bought it in a shop on level 2 of the Orcish Mines)

   Will+:     It increases your willpower.
   rCorr:     It protects you from acid and corrosion.
   Stlth-:    It makes you less stealthy.
 X - a +0 broad axe
Armour
 d - the +1 leather armour of Conscience {rC++ MP+9}
   (You bought it in a shop on level 1 of the Orcish Mines)

   rC++:      It greatly protects you from cold.
   MP+9:      It affects your magic capacity (+9).
 h - a +2 tower shield of cold resistance (worn)
 l - a +2 cloak of preservation (worn)
 E - a +2 scale mail of cold resistance
 U - the +5 chain mail "Zeibbeebudd" (worn) {Rampage rC+ Int-5 Dex+3}
   (You bought it in a shop on level 1 of the Orcish Mines)

   Int-5:     It affects your intelligence (-5).
   Dex+3:     It affects your dexterity (+3).
   rC+:       It protects you from cold.
   Rampage:   It bestows one free step when moving towards enemies.
 W - a scarf of resistance
 Y - the +2 pair of gloves "Ehozast" (worn) {Str+3 Dex+3}
   (You bought it in a shop on level 1 of the Orcish Mines)

   Str+3:     It affects your strength (+3).
   Dex+3:     It affects your dexterity (+3).
Jewellery
 a - a ring of see invisible
 g - a +4 ring of protection
 k - a ring of poison resistance
 w - a ring of positive energy (left hand)
 y - a ring of resist corrosion
 O - the ring "Tammicliuts" (right hand) {rElec rF+ Will+}
   (You took it off a minotaur in a Gauntlet)

   [ring of willpower]

   rF+:       It protects you from fire.
   rElec:     It insulates you from electricity.
   Will+:     It increases your willpower.
 Z - a +6 ring of strength
Talismans
 j - a granite talisman
 T - a serpent talisman
Wands
 t - a wand of digging (5)
 x - a wand of roots (6)
 N - a wand of charming (12)
Scrolls
 c - a scroll of acquirement {unknown}
 f - 6 scrolls of teleportation
 m - 2 scrolls of immolation {unknown}
 n - 2 scrolls of fear
 o - 6 scrolls of vulnerability
 q - 3 scrolls of revelation
 r - 2 scrolls of fog
 v - 2 scrolls of blinking
 A - 2 scrolls of torment
 F - 2 scrolls of butterflies
 I - 8 scrolls of noise
 J - 3 scrolls of enchant weapon
 M - 3 scrolls of enchant armour
 S - 2 scrolls of silence
Potions
 b - 3 potions of magic
 e - a potion of lignification
 i - a potion of berserk rage
 p - 4 potions of haste
 s - 2 potions of invisibility
 u - 4 potions of attraction
 z - 2 potions of resistance
 B - a potion of mutation
 C - 2 potions of ambrosia
 D - 2 potions of might
 H - 5 potions of enlightenment
 P - 5 potions of heal wounds {unknown}
 R - a potion of brilliance
 V - a potion of cancellation
Miscellaneous
 L - a phantom mirror


   Skills:
 + Level 10.7 Fighting
 * Level 16.2 Axes
 + Level 0.5(10.5) Maces & Flails
 + Level 9.7 Armour
 - Level 2.0 Dodging
 + Level 3.0 Stealth
 + Level 11.7 Shields
 + Level 13.3 Invocations
 * Level 5.9 Evocations
 + Level 1.5 Shapeshifting


You had 14 spell levels left.
You didn't know any spells.
Your spell library contained the following spells:

 Spells                   Type           Power      Damage    Failure   Level
 Cigotuvi's Dreadful Rot  Necr/Pois/Air  0%         N/A       100%        2
 Sublimation of Blood     Necr           0%         N/A       100%        2
 Call Canine Familiar     Summ           0%         N/A       100%        3
 Ozocubu's Armour         Ice            0%         N/A       100%        3
 Sigil of Binding         Hex            0%         N/A       100%        3
 Tukima's Dance           Hex            0%         N/A       100%        3
 Volatile Blastmotes      Fire/Tloc      0%         2d10      100%        3
 Dimensional Bullseye     Hex/Tloc       0%         N/A       100%        4
 Dispel Undead            Necr           0%         3d6       100%        4
 Fulminant Prism          Conj/Hex       0%         3d5       100%        4
 Iskenderun's Mystic Bla  Conj/Tloc      0%         2d3       100%        4
 Leda's Liquefaction      Hex/Erth       0%         N/A       100%        4
 Petrify                  Tmut/Erth      0%         N/A       100%        4
 Vhi's Electric Charge    Tloc/Air       0%         N/A       100%        4
 Arcjolt                  Conj/Air       0%         1d10      100%        5
 Irradiate                Conj/Tmut      0%         3d11      100%        5
 Iskenderun's Battlesphe  Conj           0%         2d6       100%        5
 Metabolic Englaciation   Hex/Ice        0%         N/A       100%        5
 Summon Forest            Summ/Tloc      0%         N/A       100%        5
 Summon Mana Viper        Hex/Summ       0%         N/A       100%        5
 Bombard                  Conj/Erth      0%         9d1       100%        6
 Death Channel            Necr           0%         N/A       100%        6
 Simulacrum               Ice/Necr       0%         N/A       100%        6
 Summon Cactus Giant      Summ           0%         N/A       100%        6
 Ozocubu's Refrigeration  Ice            0%         4d7       100%        7
 Spellforged Servitor     Conj/Summ      0%         N/A       100%        7
 Maxwell's Capacitive Co  Air            0%         ∞         100%        8
 Polar Vortex             Ice            0%         N/A       100%        9


Dungeon Overview and Level Annotations

Branches:
Dungeon (15/15)            Temple (0/1) D:5            Lair (5/5) D:11
 Shoals (0/4) Lair:2        Snake (1/4) Lair:3        Slime (0/5) Lair:5
    Orc (2/2) D:12            Elf (0/3) Orc:2        Vaults (0/5) D:14
 Depths (0/4) D:15          Sewer (visited)          Bailey (visited)
  IceCv (visited)         Gauntlet (visited)

Altars:
Hepliaklqana
Kikubaaqudgha
Makhleb
Nemelex Xobeh
Qazlal
Uskayaw
Vehumet
Xom
Lugonu

Shops:
D:3 (   D:9 *   Orc:1 [[   Orc:2 *[=(*

Portals:
Abyss: D:4

Annotations:
D:14 1 runed translucent door, exclusion: orange crystal statue
Lair:2 exclusion: oklob plant
Lair:4 3 runed translucent doors, Zenatt's ghost, journeyman TrFi
Lair:5 exclusion: obsidian statue


Innate Abilities, Weirdness & Mutations

You have a pair of small antennae on your head.
You have hooves in place of feet.
A meltable icy envelope protects you from harm. (AC +8)
You sometimes gain a little power by taking damage.
A meltable shield of frost defends you. (SH +4)
You have a tail ending in a sharp stinger.


Message History

You hit the anaconda. You freeze the anaconda.
You kill the anaconda!
Makhleb accepts your kill.
You feel better.
You feel very sick.
A naga mage comes into view. It is wielding a +0 whip of venom.
The naga ritualist hits you from afar with a +0 glaive!
* * * LOW HITPOINT WARNING * * *
You feel better.
* * * LOW HITPOINT WARNING * * *
You are poisoned.
The mana viper bites you!
* * * LOW HITPOINT WARNING * * *
You feel your power leaking away. The naga ritualist barely misses you.
The naga mage gestures wildly while chanting.
The naga mage seems to speed up.
You feel sick.
* * * LOW HITPOINT WARNING * * *
You are more poisoned.
The mana viper closely misses you.
Unknown command.
You feel sick.
* * * LOW HITPOINT WARNING * * *
You are more poisoned.
The mana viper attacks as it pursues you!
You block the mana viper's attack.
You feel better.
* * * LOW HITPOINT WARNING * * *
You are poisoned.
The mana viper bites you!
* * * LOW HITPOINT WARNING * * *
You feel your power leaking away.
Unknown command.
You feel yourself speed up.
You feel sick.
* * * LOW HITPOINT WARNING * * *
You are more poisoned.
The naga ritualist's toxic aura wanes.
You block the mana viper's attack. You block the naga ritualist's attack.
The mana viper bites you!
You die...

. .# ..# ... ..
. ########.#....
#.).@SNN......
###
#.######.#....
.....####.######
# .
............[..#
...............#
..............#
.............#
###..........#
#.###..........#


You could see a naga ritualist, a mana viper and a naga mage (fast).

Vanquished Creatures
  An ironbound preserver (D:14)
  A reaper (IceCv)
  A very ugly thing (D:15)
  A dire elephant (Lair:5)
  A minotaur (Gauntlet)
  An entropy weaver (shapeshifter) (D:14)
  Josephine (D:12)
  A rakshasa (D:15)
  An ogre mage (D:15)
  A hydra (Lair:3)
  3 centaur warriors
  4 boulder beetles
  A catoblepas (D:14)
  2 anacondas (Snake:1)
  A death yak (Lair:5)
  9 two-headed ogres
  A naga warrior (Snake:1)
  An orc high priest (Orc:2)
  2 naga sharpshooters (Snake:1)
  Urug (Lair:2)
  3 tengu warriors
  A fire crab (Gauntlet)
  2 spectral death yaks (Lair:5)
  4 skeletal warriors
  A spectral anaconda (Lair:5)
  3 orc knights
  4 necromancers
  Pikel (D:4)
  2 mana vipers (Snake:1)
  7 ugly things
  2 deep elf pyromancers
  8 cyclopes
  3 manticores
  4 elephants (Lair:5)
  An orc sorcerer (Orc:1)
  A centaur zombie (D:15)
  4 kobold blastminers (Orc:1)
  A torpor snail (Lair:5)
  7 black mambas
  4 unseen horrors
  2 centaur skeletons (D:15)
  An ice statue (IceCv)
  A gargoyle (D:12)
  2 rime drakes
  5 komodo dragons
  14 cane toads
  An ice devil (IceCv)
  Psyche (D:9)
  An efreet (D:15)
  3 anaconda simulacra (IceCv)
  4 tengu conjurers (D:15)
  4 trolls
  A troll (shapeshifter) (D:15)
  A tyrant leech (Gauntlet)
  21 blink frogs
  2 spectral elephants (Lair:5)
  Grinder (D:3)
  3 vampires
  14 slime creatures
  2 shadows
  9 wyverns
  57 yaks
  A centaur simulacrum (D:15)
  Eustachio (D:4)
  A dire elephant simulacrum (IceCv)
  3 fire bats (Gauntlet)
  A fire bat (shapeshifter) (D:10)
  9 wraiths
  2 basilisks
  6 vampire mosquitoes
  A steam dragon (D:9)
  3 death yak simulacra
  2 harpy simulacra (IceCv)
  2 wargs
  3 nagas
  3 swamp worms (Gauntlet)
  2 hell hounds (Gauntlet)
  2 spectral cane toads (Lair:5)
  A hydra simulacrum (IceCv)
  13 water moccasins
  Pargi (D:4)
  An ice beast (D:8)
  23 orc warriors
  A sky beast (D:7)
  3 black bears
  3 boggarts (D:14)
  2 elephant zombies (Lair:5)
  6 ogres
  5 centaurs
  4 lemures (D:4)
  2 phantoms
  Blork the orc (D:5)
  9 kobold brigands
  13 bullfrogs
  A cane toad simulacrum (IceCv)
  7 two-headed ogre simulacra
  14 wights
  2 scorpions
  2 elephant simulacra (IceCv)
  9 killer bees
  4 howler monkeys
  A crimson imp (D:3)
  2 hounds (D:5)
  3 jellies
  17 orc priests
  A gnoll bouda (D:6)
  3 iguanas
  2 polar bear simulacra (IceCv)
  7 spriggan simulacra
  Natasha (D:3)
  27 orc wizards
  7 troll simulacra (IceCv)
  A wolf simulacrum (IceCv)
  6 adders
  8 gnolls
  10 naga simulacra
  A shadow imp (D:6)
  7 white imps (IceCv)
  8 ufetubi
  2 worms (D:6)
  6 dart slugs
  69 orcs
  7 bats
  2 endoplasms (D:2)
  16 giant cockroaches
  A goblin (shapeshifter) (D:14)
  9 goblins
  5 hobgoblins
  10 jackals (D:2)
  7 quokkas
  12 ball pythons
  14 frilled lizards
  32 kobolds
  A kobold (shapeshifter) (D:13)
  6 rats
728 creatures vanquished.

Vanquished Creatures (collateral kills)
  An orc warlord (Orc:2)
  An ogre mage (Orc:2)
  3 two-headed ogres (Orc:2)
  An orc knight (Orc:2)
  An orc sorcerer (Orc:2)
  2 orc warriors (Orc:2)
  An orc priest (Orc:2)
  An orc wizard (Orc:2)
  An orc (Orc:2)
12 creatures vanquished.

Vanquished Creatures (others)
  3 two-headed ogres (Orc:2)
  An orc sorcerer (Orc:2)
  2 orc warriors (Orc:2)
  A killer bee (D:9)
  An orc priest (Orc:2)
  An orc wizard (Orc:2)
9 creatures vanquished.

Grand Total: 749 creatures vanquished

Notes
Turn   | Place    | Note
-------+----------+-------------------------------------------
     0 | D:1      | Inarius the Demonspawn Fighter began the quest for the Orb.
     0 | D:1      | Reached XP level 1. HP: 18/18 MP: 1/1
   202 | D:1      | Reached skill level 2 in Axes
   293 | D:1      | Discovered your monstrous ancestry.
   293 | D:1      | Gained mutation: You have large cloven feet. [demonic
                  | ancestry]
   293 | D:1      | Reached XP level 2. HP: 24/24 MP: 2/2
   968 | D:2      | Gained mutation: You have a small tail. [demonic ancestry]
   968 | D:2      | Reached XP level 3. HP: 29/29 MP: 3/3
  1390 | D:2      | Reached skill level 3 in Axes
  1608 | D:3      | Gained mutation: You have hoof-like feet. [demonic
                  | ancestry]
  1608 | D:3      | Reached XP level 4. HP: 35/35 MP: 4/4
  1619 | D:3      | Noticed Grinder
  1625 | D:3      | Killed Grinder
  1626 | D:3      | Reached skill level 4 in Axes
  1626 | D:3      | Gained mutation: You have hooves in place of feet. [demonic
                  | ancestry]
  1626 | D:3      | Reached XP level 5. HP: 29/42 MP: 5/5
  1723 | D:3      | Reached XP level 6. HP: 23/48 MP: 6/6
  1840 | D:3      | Found the +4 consecrated labrys {holy, Valiant Fragile Fly
                  | SInv}
  1868 | D:3      | Found Zeengah's Weapon Emporium.
  2238 | D:3      | Found a burning altar of Makhleb.
  2238 | D:3      | Found a radiant altar of Vehumet.
  2248 | D:3      | Reached skill level 5 in Axes
  2258 | D:3      | Became a worshipper of Makhleb the Destroyer
  2340 | D:4      | Noticed Natasha
  2357 | D:3      | Killed Natasha
  2478 | D:4      | Noticed Eustachio
  2521 | D:4      | Killed Eustachio
  2622 | D:4      | Noticed Pargi
  2938 | D:4      | Noticed Pikel
  3052 | D:4      | Killed Pikel
  3053 | D:4      | Reached skill level 6 in Axes
  3053 | D:4      | Reached skill level 1 in Dodging
  3053 | D:4      | Gained mutation: You sometimes gain a little power by
                  | taking damage. [demonic ancestry]
  3053 | D:4      | Reached XP level 7. HP: 10/54 MP: 6/8
  3218 | D:4      | Identified the +5 spear of Xocuhol {heavy, rC++ Str-3
                  | Dex+4}
  3434 | D:4      | Found a large runed translucent door.
  3434 | D:4      | Found a large runed translucent door.
  3439 | D:4      | Found a corrupted altar of Lugonu.
  3553 | D:4      | Killed Pargi
  3554 | D:4      | Gained mutation: A meltable shield of frost defends you.
                  | (SH +4) [demonic ancestry]
  3554 | D:4      | Reached XP level 8. HP: 51/60 MP: 8/10
  3629 | D:4      | Found a one-way gate to the infinite horrors of the Abyss.
  3928 | D:5      | Entered Level 5 of the Dungeon
  3928 | D:5      | Noticed Blork the orc
  3973 | D:5      | Killed Blork the orc
  3974 | D:5      | Reached skill level 7 in Axes
  4041 | D:5      | Reached skill level 1 in Shapeshifting
  4296 | D:5      | Found a staircase to the Ecumenical Temple.
  4344 | D:5      | Noticed a +0 short sword
  4344 | D:5      | Noticed a +0 dagger
  4345 | D:5      | Noticed a +0 falchion
  4345 | D:5      | Noticed a +0 falchion
  4476 | D:5      | Found a hide-covered altar of Uskayaw.
  4476 | D:5      | Noticed a +0 spear
  4478 | D:5      | Noticed a +0 dagger
  4478 | D:5      | Noticed a +0 spear
  4486 | D:5      | Noticed a +0 short sword
  4604 | D:5      | Found a stormy altar of Qazlal.
  5028 | D:6      | Found an ancient bone altar of Kikubaaqudgha.
  5083 | D:6      | Reached * piety under Makhleb
  5113 | D:6      | Found a glowing drain.
  5127 | Sewer    | Entered a sewer
  5645 | D:6      | Identified the +1 robe of Sehaes {Harm rC+}
  5736 | D:6      | Reached ** piety under Makhleb
  5737 | D:6      | Reached skill level 8 in Axes
  5922 | D:6      | Gained mutation: A meltable icy envelope protects you from
                  | harm. (AC +8) [demonic ancestry]
  5922 | D:6      | Reached XP level 9. HP: 58/67 MP: 12/12
  6643 | D:7      | Reached skill level 5 in Invocations
  6671 | D:7      | HP: 3/67 [wight/+3 great sword of freezing (5)]
  6671 | D:7      | HP: 1/67 [wight/+3 great sword of freezing (2)]
  6893 | D:7      | Reached skill level 9 in Axes
  7164 | D:7      | Reached skill level 5 in Fighting
  7174 | D:7      | Reached *** piety under Makhleb
  7370 | D:7      | Reached skill level 5 in Armour
  8496 | D:8      | Noticed a two-headed ogre
  8507 | D:8      | Killed a two-headed ogre
  8508 | D:8      | Reached skill level 10 in Axes
  8508 | D:8      | Reached XP level 10. HP: 5/74 MP: 13/15
  8739 | D:8      | Found a hazy altar of Hepliaklqana.
  8868 | D:8      | Identified the maw talisman "Ten Rev" {Int+4 Stlth+}
  8929 | D:8      | Reached skill level 5 in Shields
  9208 | D:8      | You fall into a shaft and drop 1 floor!
  9419 | D:9      | Found Yntaemie's Elemental Accessories.
  9473 | D:9      | Reached **** piety under Makhleb
  9531 | D:9      | Noticed a two-headed ogre
  9571 | D:9      | Killed a two-headed ogre
  9572 | D:9      | Reached skill level 11 in Axes
  9903 | D:9      | Gained mutation: A meltable icy envelope protects you from
                  | harm. (AC +8) [demonic ancestry]
  9903 | D:9      | Reached XP level 11. HP: 76/81 MP: 17/17
 10336 | D:9      | Noticed Psyche
 10360 | D:9      | Killed Psyche
 10563 | D:10     | Entered Level 10 of the Dungeon
 10662 | D:10     | Reached skill level 12 in Axes
 10672 | D:10     | Reached ***** piety under Makhleb
 10674 | D:10     | Found a flagged portal.
 10680 | Bailey   | Entered a bailey
 11025 | Bailey   | Reached skill level 1 in Evocations
 11047 | Bailey   | Found a bloodstained altar of Trog.
 11333 | D:10     | Noticed an entropy weaver
 11333 | D:10     | Noticed a two-headed ogre
 11333 | D:10     | Noticed an orc knight
 11333 | D:10     | Noticed a white ugly thing
 11337 | D:10     | an entropy weaver changed into a blink frog
 11362 | D:10     | Killed a two-headed ogre
 11834 | D:10     | Found a sparkling altar of Nemelex Xobeh.
 11980 | D:10     | Reached skill level 1 in Stealth
 12251 | D:10     | Killed a white ugly thing
 12640 | D:11     | Noticed a boulder beetle
 12862 | D:10     | Killed a boulder beetle
 13598 | D:11     | Found a staircase to the Lair.
 13757 | D:11     | Reached XP level 12. HP: 67/89 MP: 18/18
 14015 | Lair:1   | Entered Level 1 of the Lair of Beasts
 14486 | Lair:1   | Reached skill level 13 in Axes
 15364 | Lair:2   | Noticed Urug
 15368 | Lair:2   | You fall into a shaft and drop 2 floors!
 15637 | Lair:2   | Found a staircase to the Shoals.
 16094 | Lair:2   | Killed Urug
 16501 | Lair:3   | Found a staircase to the Snake Pit.
 17616 | Lair:3   | Reached ****** piety under Makhleb
 17631 | Lair:3   | Reached skill level 14 in Axes
 17760 | Lair:4   | Gained mutation: You have a pair of small antennae on your
                  | head. [demonic ancestry]
 17760 | Lair:4   | Reached XP level 13. HP: 89/97 MP: 20/20
 18265 | Lair:4   | Found a runed translucent gate.
 18265 | Lair:4   | Found a runed translucent gate.
 18268 | Lair:4   | Noticed Zenatt's ghost (journeyman TrFi)
 18269 | Lair:4   | Found a runed translucent gate.
 18758 | Lair:5   | Entered Level 5 of the Lair of Beasts
 18792 | Lair:5   | Noticed a dire elephant
 18830 | Lair:5   | Reached skill level 10 in Invocations
 19085 | Lair:5   | Found a staircase to the Slime Pits.
 20237 | D:12     | Found a staircase to the Orcish Mines.
 20242 | Orc:1    | Entered Level 1 of the Orcish Mines
 20258 | Orc:1    | Found Xuanuun's Armour Emporium.
 20267 | Orc:1    | Bought the +1 leather armour of Conscience {rC++ MP+9} for
                  | 504 gold pieces
 20276 | Orc:1    | Found a frozen archway.
 20345 | IceCv    | Entered an ice cave
 20498 | IceCv    | Identified the staff of the Eight Wars {rPois rF+ rC+
                  | Earth}
 21096 | IceCv    | Noticed a reaper
 21142 | IceCv    | Killed a reaper
 21222 | Orc:1    | Found Figeqair's Armour Shop.
 21229 | Orc:1    | Bought the +2 pair of gloves "Ehozast" {Str+3 Dex+3} for
                  | 545 gold pieces
 21879 | Orc:2    | Entered Level 2 of the Orcish Mines
 21933 | Orc:2    | Found a staircase to the Elven Halls.
 22281 | Orc:2    | Noticed an orc warlord
 22309 | Orc:2    | Killed an orc warlord
 22310 | Orc:2    | Reached XP level 14. HP: 84/108 MP: 22/22
 22326 | Orc:2    | Reached skill level 5 in Evocations
 22528 | Orc:2    | Reached skill level 15 in Axes
 22732 | Orc:2    | Found Losm's Antique Weapon Boutique.
 22927 | Orc:2    | Found Zomeu's Overcharged Wands.
 23031 | Orc:2    | Found Zewneing's Jewellery Boutique.
 23060 | Orc:2    | Found Zucora's General Store.
 23066 | Orc:2    | Bought a scroll of teleportation for 48 gold pieces
 23074 | Orc:2    | Found Wesk's Antique Armour Boutique.
 23269 | Orc:2    | Bought a shimmering hand axe for 216 gold pieces
 23269 | Orc:2    | Identified the +11 hand axe "Nogabi" {freeze, Will+ rCorr
                  | Stlth-} (You bought it in a shop on level 2 of the Orcish
                  | Mines)
 23317 | Orc:1    | Bought the +5 chain mail "Zeibbeebudd" {Rampage rC+ Int-5
                  | Dex+3} for 628 gold pieces
 24348 | D:12     | Reached skill level 10 in Shields
 24400 | D:12     | Noticed Josephine
 24417 | D:12     | Killed Josephine
 24540 | D:12     | Noticed an angel
 25477 | D:14     | Found a gate leading to a gauntlet.
 25488 | Gauntlet | Entered a Gauntlet
 25488 | Gauntlet | Found a transporter.
 25497 | Gauntlet | Found a transporter.
 25498 | Gauntlet | Found a transporter.
 25499 | Gauntlet | Found a transporter.
 25502 | Gauntlet | Found a transporter.
 25503 | Gauntlet | Found a transporter.
 25507 | Gauntlet | Found a runed translucent door.
 25509 | Gauntlet | Found a runed translucent door.
 25511 | Gauntlet | Found a transporter.
 25514 | Gauntlet | Found a transporter.
 25527 | Gauntlet | Found a transporter.
 25549 | Gauntlet | Found a transporter.
 25551 | Gauntlet | Found a transporter.
 25562 | Gauntlet | Found a transporter.
 25886 | Gauntlet | Identified the +0 battleaxe of Exquisite Death {flame,
                  | rCorr Str+2 Dex+4}
 25886 | Gauntlet | Identified the ring "Tammicliuts" {rElec rF+ Will+}
 26007 | D:14     | Gained mutation: You have a tail ending in a sharp stinger.
                  | [demonic ancestry]
 26007 | D:14     | Reached XP level 15. HP: 115/115 MP: 24/24
 26143 | D:14     | Found a runed translucent door.
 26157 | D:14     | Found a gate to the Vaults.
 26236 | D:14     | Reached skill level 10 in Fighting
 26925 | D:15     | Entered Level 15 of the Dungeon
 26934 | D:15     | Found a shimmering altar of Xom.
 26934 | D:15     | Found a shimmering altar of Xom.
 26934 | D:15     | Found a shimmering altar of Xom.
 26935 | D:15     | Found a shimmering altar of Xom.
 26953 | D:15     | Reached skill level 16 in Axes
 26983 | D:15     | Identified the +5 shortbow of Arbitration {freeze, rC+}
 27145 | D:15     | Found a staircase to the Depths.
 27611 | D:15     | Upgraded the game from 0.31-a0-1101-g9ad1905e61 to
                  | 0.31-a0-1118-gbca3d03946
 27797 | Snake:1  | Entered Level 1 of the Snake Pit
 27953 | Snake:1  | Slain by a mana viper

Illustrated notes

Levels and vault maps discovered:
D:1:      sevenhm_arrival_forest_fort_large_4, layout_loops_corners,
          serial_bayou_pond_c, nicolae_eternal_life,
          hangedman_decor_peaks_small, hangedman_decor_clover_reticule
D:2:      layout_basic
D:3:      layout_rooms, grunt_temple_overflow_lords_of_destruction,
          serial_shops, shop, minivault_24, uniq_grinder
D:4:      due_chaos_kobolds, layout_loops_corners, elyvilon_altar_1, uniq_pikel,
          uniq_natasha, uniq_pargi, uniq_eustachio
D:5:      wad_lake_hut, layout_basic, nicolae_uskayaw_en_pointe,
          kennysheep_mini_moat, minmay_temple_entry_enclosed_plants,
          uniq_blork_the_orc
D:6:      layout_gridville, nicolae_overflow_hidden_temple,
          cheibrodos_sewer_entry_bend
D:7:      layout_layer_cave
D:8:      layout_gridville, lemuel_tele_altar
D:9:      layout_cave_pods, nicolae_elemental_shop, uniq_psyche
D:10:     minmay_curly_fans, layout_stronghold, nemelex_diamond_rough_becter,
          enter_bailey_3, library_closet, grunt_ministairs_10
D:11:     cheibrodos_helix_gallery, layout_small_grid, lair_entry_dummy
D:12:     layout_roguey, orc_0_dummy, zin_angel, uniq_josephine
D:13:     layout_gridville
D:14:     layout_irregular_city, skrybe_vaults_entry_preservation,
          gauntlet_entry_generic, serial_park_tiny_2, minmay_crystal_box
D:15:     grunt_enter_depths_magical_seal, layout_basic, xom_shifter_show
Lair:1:   layout_chaotic_city, bh_autumn_forest_stairs, serial_bayou_shore_b
Lair:2:   layout_gridlike, shoals_dummy_entry, grunt_megastairs_5,
          serial_bayou_shore_b, uniq_urug
Lair:3:   layout_small_grid, guppyfry_snake_entry_island, st_stairs_11
Lair:4:   layout_cave_pods, gammafunk_ghost_hydra_chop
Lair:5:   due_jungle_book, layout_gridlike, slime_entry_1
Snake:1:  layout_basic, uniq_aizul, uniq_frances
Orc:1:    layout_diamond_mine, serial_shops, shop, shop,
          portal_ice_cave_entry_ice_simulacra
Orc:2:    grunt_orc_cross, layout_caves, basic_altar,
          nicolae_shop_overcharged_wands

Skill      XL: |  1  2  3  4  5  6  7  8  9 10 11 12 13 14 15 |
---------------+----------------------------------------------+-----
Axes           | 2 3 4 6 8 10 11 12 14 15 16 | 16.2
Armour         | 3 4 5 6 7 8 9 |  9.7
Shields        | 3 4 5 6 7 8 10 11 | 11.7
Fighting       | 4 5 6 7 9 10 | 10.7
Dodging        | 1 2 |  2.0
Invocations    | 2 4 6 8 9 11 12 13 | 13.3
Shapeshifting  | 1 |  1.5
Evocations     | 3 4 5 |  5.9
Stealth        | 1 2 3 |  3.0
Maces & Flails | |  0.5

Action                     |  1- 3 |  4- 6 |  7- 9 | 10-12 | 13-15 || total
---------------------------+-------+-------+-------+-------+-------++-------
  Melee: War axe           |   116 |   103 |   325 |    23 |    33 ||   600
         Kick              |    19 |    23 |    99 |   310 |   621 ||  1072
         Tailslap          |       |     8 |    44 |   137 |   304 ||   493
         Hand axe          |       |       |       |   931 |  1427 ||  2358
         Morningstar       |       |       |       |       |     6 ||     6
 Invoke: Major Destruction |       |       |       |     1 |     2 ||     3
         Lesser Servant of |       |       |       |     1 |       ||     1
         Greater Servant o |       |       |       |       |     1 ||     1
Ability: Begin Untransform |       |       |     1 |       |       ||     1
  Evoke: Wand              |       |     1 |     2 |    11 |    12 ||    26
         Phantom mirror    |       |       |       |     1 |       ||     1
    Use: Potion            |       |     1 |     1 |     6 |     5 ||    13
         Scroll            |       |       |     9 |    14 |    11 ||    34
   Stab: Distracted        |       |       |       |     2 |     1 ||     3
         Invisible         |       |       |       |     2 |       ||     2
         Paralysed         |       |       |       |       |     4 ||     4
 Armour: Chain mail        |   100 |    31 |       |       |   254 ||   385
         Plate armour      |       |    66 |   284 |   669 |   290 ||  1309
         Skin              |       |       |       |    74 |       ||    74
         Scale mail        |       |       |       |    11 |    63 ||    74
         Leather armour    |       |       |       |       |    22 ||    22
  Dodge: Dodged            |    36 |    22 |    72 |   168 |   171 ||   469
  Block: Buckler           |    28 |    18 |   149 |   371 |   107 ||   673
         Tower shield      |       |       |       |       |   952 ||   952
   Form: Beast             |       |       |     1 |       |       ||     1

Table legend: (Time is in decaauts)
 A = Elapsed time spent in this place.
 B = Non-inter-level travel time spent in this place.
 C = Inter-level travel time spent in this place.
 D = Time resting spent in this place.
 E = Time spent auto-exploring this place.
 F = Levels seen in this place.
 G = Mean time per level.
                   A        B        C        D        E       F      G
               +--------+--------+--------+--------+--------+-----+--------+
         Total |  27724 |  25732 |   1992 |   3898 |  15021 |  27 | 1026.8 |
       Dungeon |  16296 |  15246 |   1050 |   2019 |   9770 |  15 | 1086.4 |
          Lair |   6747 |   6010 |    737 |   1226 |   3528 |   5 | 1349.4 |
     Snake Pit |    140 |    140 |      0 |      5 |      2 |   1 |  140.0 |
  Orcish Mines |   2353 |   2150 |    203 |    491 |    941 |   2 | 1176.5 |
         Sewer |    527 |    527 |      0 |      0 |    310 |   1 |  527.0 |
        Bailey |    386 |    386 |      0 |     64 |     45 |   1 |  386.0 |
      Ice Cave |    842 |    842 |      0 |     62 |    259 |   1 |  842.0 |
      Gauntlet |    430 |    430 |      0 |     30 |    166 |   1 |  430.0 |
               +--------+--------+--------+--------+--------+-----+--------+

Top non-repeatable levels by time:
     D:7: 1935 daAuts
    D:10: 1687 daAuts
     D:4: 1517 daAuts
     D:9: 1485 daAuts
  Lair:5: 1471 daAuts
  Lair:3: 1395 daAuts
  Lair:1: 1301 daAuts
  Lair:2: 1299 daAuts
  Lair:4: 1280 daAuts
   Orc:2: 1222 daAuts
     D:6: 1152 daAuts
   Orc:1: 1130 daAuts
     D:5: 1086 daAuts
    D:11: 994 daAuts
     D:1: 984 daAuts
